 Dungeon Crawl Stone Soup version 0.19.5 (webtiles) character file.

78 Jerry the Covered (level 4, 3/37 HPs)
             Began as a Formicid Fighter on May 2, 2017.
             Quit the game on level 2 of the Dungeon.
             The game lasted 00:02:10 (807 turns).

Jerry the Covered (Formicid Fighter)                 Turns: 807, Time: 00:02:11

Health: 3/37       AC:  7    Str: 24 (25) XL:     4   Next: 61%
Magic:  4/4        EV:  9    Int:  7 (8)  God:
Gold:   12         SH:  0    Dex: 10 (11) Spells: 0 memorised, 3 levels left

rFire  . . .     SeeInvis +     a - +0 long sword
rCold  . . .     Gourm    .     b - +0 scale mail
rNeg   . . .     Faith    .     (no shield)
rPois  .         Spirit   .     (helmet unavailable)
rElec  .         Reflect  .     (no cloak)
rCorr  .         Harm     .     (no gloves)
MR     .....                    (no boots)
Stlth  ..........               (no amulet)
                                (no ring)
                                (no ring)

@: mighty, lethally poisoned (3 -> 0)
A: permanent stasis, dig shafts and tunnels, four strong arms, antennae 3
a: Dig, Shaft Self


You were on level 2 of the Dungeon.
You were not hungry.

You visited 1 branch of the dungeon, and saw 2 of its levels.

You collected 12 gold pieces.

Inventory:

Hand Weapons
 a - a +0 long sword (weapon)
Armour
 b - a +0 scale mail (worn)
 c - a +0 shield
Scrolls
 e - a scroll of remove curse {unknown}
 k - a scroll of noise {unknown}
 l - 2 scrolls of enchant weapon {unknown}
 m - 2 scrolls of teleportation {unknown}
 o - a scroll of identify {unknown}
Comestibles
 f - 3 bread rations
 g - 7 chunks of flesh
 h - 3 meat rations


   Skills:
 + Level 3.8 Fighting
 * Level 3.5 Long Blades
 + Level 4.0 Armour
 - Level 3.6 Shields


You had 3 spell levels left.
You didn't know any spells.

Dungeon Overview and Level Annotations

Branches:
Dungeon (2/15)

Altars:


Innate Abilities, Weirdness & Mutations

You are under a permanent stasis effect.
You can dig through walls and to a lower floor.
Your four strong arms can wield two-handed weapons with a shield.
You have a pair of large antennae on your head. (SInv)


Message History

You miss the adder.
* * * LOW HITPOINT WARNING * * *
You feel sick. The adder barely misses you.
You slash the adder!
You kill the adder!
The kobold throws a stone.
The stone hits you but does no damage. The kobold hits you but does no damage.
Things that are here:
a club; an adder corpse x2
You slash the kobold!
You kill the kobold!
Your Armour skill increases to level 4!
* * * LOW HITPOINT WARNING * * *
You feel sick.
It was a potion of haste.
Your stasis keeps you stable.
It was a potion of magic.
Magic courses through your body.
It was a potion of degeneration.
There was something very wrong with that liquid.
You feel weakened.
You feel dopey.
You feel clumsy.
Are you sure you want to abandon this character and quit the game? (Confirm with "yes".)

#..........# ..
##............ ..
##............. ##
#........#...# {
#..)...[.# #........#.
#. #............ #[#
#)..........# #.#
#@##.#...#?.# #.#
##(##.........
#.####....[#....... .
#..................>#.
#...................#.#
#...................#.##
#...(..................#
#.......................
#.....)............##.#.


There were no monsters in sight!

Vanquished Creatures
  3 adders (D:2)
  An ooze (D:1)
  A worm (D:2)
  A dart slug (D:2)
  3 leopard geckos
  3 bats (D:2)
  A giant cockroach (D:2)
  6 goblins
  4 hobgoblins
  2 quokkas (D:2)
  4 frilled lizards (D:1)
  5 kobolds
  4 rats
38 creatures vanquished.

Notes
Turn   | Place    | Note
-------+----------+-------------------------------------------
     0 | D:1      | Jerry the Formicid Fighter began the quest for the Orb.
     0 | D:1      | Reached XP level 1. HP: 18/18 MP: 1/1
    80 | D:1      | Reached XP level 2. HP: 24/24 MP: 2/2
   299 | D:1      | Reached XP level 3. HP: 24/29 MP: 3/3
   795 | D:2      | Reached XP level 4. HP: 8/37 MP: 4/4
   803 | D:2      | Reached skill level 4 in Armour
   807 | D:2      | Quit the game

Skill      XL: |  1  2  3  4 |
---------------+-------------+-----
Long Blades    | 3 |  3.5
Armour         | 4 |  4.0
Fighting       | |  3.8
Shields        | |  3.6

Action                   |  1- 3 |  4- 6 || total
-------------------------+-------+-------++-------
Melee: Long sword        |    89 |     7 ||    96
  Use: Potion            |     1 |     3 ||     4
Armor: Scale mail        |    50 |     3 ||    53
Dodge: Dodged            |    44 |     2 ||    46
       Rpst.: Long sword |    20 |       ||    20
